 Dungeon Crawl Stone Soup version 0.27.0-1-g7a08968 (webtiles) character file.

Game seed: 13381295212766967476

4 Host24 the Bolt Thrower (level 1, -1/12 HPs)
             Began as a Kobold Hunter on Jan 25, 2022.
             Slain by a giant cockroach (2 damage)
             ... on level 1 of the Dungeon.
             The game lasted 00:00:21 (101 turns).

Host24 the Bolt Thrower (Kobold Hunter)              Turns: 101, Time: 00:00:22

Health: -1/12      AC:  3    Str:  9    XL:     1   Next: 66%
Magic:  1/1        EV: 14    Int: 12    God:
Gold:   14         SH:  0    Dex: 15    Spells: 0/0 levels left

rFire    . . .     SeeInvis .   a - +1 hand crossbow
rCold    . . .     Faith    .   (shield restricted)
rNeg     . . .     Spirit   .   c - +0 leather armour
rPois    .         Reflect  .   (no helmet)
rElec    .         Harm     .   (no cloak)
rCorr    .         Rampage  .   (no gloves)
Will     .....                  (no boots)
Stlth    +++.......             (no amulet)
HPRegen  0.04/turn              (no ring)
MPRegen  0.07/turn              (no ring)

@: no status effects
A: small, no large weapons, nightstalker 3
a: no special abilities


You were on level 1 of the Dungeon.
You visited 1 branch of the dungeon, and saw 1 of its levels.

You collected 14 gold pieces.

Inventory:

Hand Weapons
 a - a +1 hand crossbow (weapon)
 b - a +0 short sword
Missiles
 d - 15 bolts (quivered ammo)
Armour
 c - a +0 leather armour (worn)


   Skills:
 - Level 2.1 Fighting
 + Level 5.1 Crossbows
 - Level 2.4 Dodging
 - Level 1.3 Stealth


You couldn't memorise any spells.
You didn't know any spells.
Your spell library was empty.

Dungeon Overview and Level Annotations

Branches:
Dungeon (1/15)

Altars:


Innate Abilities, Weirdness & Mutations

You are small and have problems with some larger weapons.
You are completely attuned to the shadows.


Message History

The ball python misses you. The ball python constricts you.
Fire: 20 bolts
Press: ? - help, Q - select action Shift-Dir - straight line, f - ball python
Aim: a ball python (constricting you, 63% to hit)
You shoot a bolt. The bolt hits the ball python.
The ball python is severely wounded.
The ball python bites you. The ball python constricts you.
The ball python bites you.
* * * LOW HITPOINT WARNING * * *
The ball python constricts you.
Fire: 19 bolts
Press: ? - help, Q - select action Shift-Dir - straight line, f/p - ball python
Aim: a ball python (severely wounded, constricting you, 63% to hit)
You shoot a bolt. The bolt hits the ball python!
You kill the ball python!
The giant cockroach closely misses you.
Fire: 18 bolts
Press: ? - help, Q - select action Shift-Dir - straight line, f - giant cockroach
Aim: a giant cockroach (66% to hit)
You shoot a bolt.
The bolt closely misses the giant cockroach.
The bolt hits the hobgoblin.
The hobgoblin is severely wounded.
The giant cockroach misses you.
Fire: 17 bolts
Press: ? - help, Q - select action Shift-Dir - straight line, f/p - giant cockroach
Aim: a giant cockroach (66% to hit)
You shoot a bolt.
The bolt barely misses the giant cockroach.
The bolt hits the hobgoblin but does no damage.
The hobgoblin is severely wounded.
The giant cockroach misses you. The giant cockroach bites you.
* * * LOW HITPOINT WARNING * * *
Fire: 16 bolts
Press: ? - help, Q - select action Shift-Dir - straight line, f/p - giant cockroach
Aim: a giant cockroach (66% to hit)
You shoot a bolt. The bolt hits the giant cockroach.
The giant cockroach is almost dead.
The giant cockroach bites you.
You die...

... # ##..
############# ....
#.......... . ....####
#.###.....# #
...gB@.###.###.#######
...###..#..##..####...
.. ##.............## .
#.#.........###
.....#######....#
....#.# ####.. ###....
#


You could see a giant cockroach and a hobgoblin.

Vanquished Creatures
  A ball python (D:1)
  A hobgoblin (D:1)
  A kobold (D:1)
3 creatures vanquished.

Notes
Turn   | Place    | Note
-------+----------+-------------------------------------------
     0 | D:1      | Host24 the Kobold Hunter began the quest for the Orb.
     0 | D:1      | Reached XP level 1. HP: 12/12 MP: 1/1
    93 | D:1      | Reached skill level 5 in Crossbows
   101 | D:1      | Slain by a giant cockroach

Illustrated notes

Levels and vault maps discovered:
D:1:      mainiacjoe_arrival_reflecting_pool, layout_rooms, serial_glass,
          glass_columns_b, glass_columns_c, minmay_pentomino_x2

Skill      XL: |  1 |
---------------+----+-----
Crossbows      | 5 |  5.1
Fighting       | |  2.1
Dodging        | |  2.4
Stealth        | |  1.3

Action                   || total
-------------------------++-------
Melee: Short sword       ||     9
 Fire: Hand crossbow     ||     5
 Stab: Sleeping          ||     1
Armor: Leather armour    ||     4
Dodge: Dodged            ||     7
